 Dungeon Sprint DCSS version 0.23.3-3-gaaff5abdbf (webtiles) character file.

Game seed: 14735460903905770110

51291 MordorOrchid the Warrior (level 14, -6/129 HPs)
             Began as a Gnoll Wanderer on July 7, 2020.
             Was a High Priest of Sif Muna.
             Mangled by Mara
             ... wielding a +3 demon whip of venom
              (21 damage)
             ... in the Dungeon (Sprint IX: "|||||||||||||||||||||||||||||") on July 8, 2020.
             The game lasted 00:53:59 (6780 turns).

MordorOrchid the Warrior (Gnoll Wanderer)           Turns: 6780, Time: 00:54:00

Health: -6/129     AC: 26    Str: 15    XL:     14   Next: 59%
Magic:  25/32      EV: 17    Int: 24    God:    Sif Muna [*****.]
Gold:   57         SH: 20    Dex: 21    Spells: 26/41 levels left

rFire    + + .     SeeInvis .   y - +6 short sword of Midnight {pierce, Int+2 Dex+6}
rCold    + . .     Gourm    .   t - +1 large shield {AC+3}
rNeg     . . .     Faith    .   r - +1 fire dragon scales
rPois    +         Spirit   .   M - +2 hat {Int+3}
rElec    +         Reflect  .   R - +1 cloak
rCorr    +         Harm     .   k - +1 pair of gloves
MR       +....     NoTele   +   o - +0 pair of boots
Stlth    +++++.....             (no amulet)
HPRegen  0.31/turn              P - ring of ice
MPRegen  0.23/turn              N - ring of poison resistance

@: resistant
A: distributed training, fangs 1, strong nose
a: Divine Energy, Channel Magic, Forget Spell, Renounce Religion


You were in the Dungeon.
You worshipped Sif Muna.
Sif Muna was extremely pleased with you.
You were not hungry.

You visited 1 branch You collected 1904 gold pieces.
You spent 1847 gold pieces at shops.

Inventory:

Hand Weapons
 a - a +4 quarterstaff of speed
 e - a +2 trident of protection
 j - a +0 hand crossbow
 s - a +2 scimitar of holy wrath
 y - the +6 short sword of Midnight (weapon) {pierce, Int+2 Dex+6}
   (You found it in the Dungeon)

   It inflicts extra damage upon your enemies.
   It affects your intelligence (+2).
   It affects your dexterity (+6).
 J - a +0 spear of venom
 Q - a +2 dagger
Missiles
 d - 32 bolts
 z - 8 arrows
Armour
 b - +1 ice dragon scales
 f - a +3 scale mail
 k - a +1 pair of gloves (worn)
 o - a +0 pair of boots (worn)
 r - +1 fire dragon scales (worn)
 t - a +1 large shield of protection (worn)
 B - a +2 buckler of protection
 I - the +2 leather armour of Freedom {Int+5}
   (You bought it in a shop in the Dungeon)

   It affects your intelligence (+5).
 L - a +1 chain mail of magic resistance
 M - a +2 hat of intelligence (worn)
 R - a +1 cloak (worn)
Magical Staves
 x - an uncursed staff of energy
Jewellery
 w - an uncursed ring of fire
 N - a ring of poison resistance (right hand)
 O - an uncursed ring of ice
 P - a ring of ice (left hand)
Scrolls
 m - 5 scrolls of remove curse
 n - 2 scrolls of amnesia
 E - a scroll of identify
 F - 2 scrolls of enchant armour
 U - 2 scrolls of enchant weapon
Potions
 c - 4 potions of magic
 h - 4 potions of curing
 A - a potion of mutation
Comestibles
 g - 25 rations
 p - 7 chunks of flesh


   Skills:
 + Level 17.9 Fighting
 + Level 14.4 Short Blades
 + Level 14.4 Long Blades
 + Level 14.4 Axes
 + Level 14.4 Maces & Flails
 + Level 14.4 Polearms
 + Level 15.0 Staves
 + Level 14.4 Slings
 + Level 14.4 Bows
 + Level 14.4 Crossbows
 + Level 14.6 Throwing
 + Level 14.4 Armour
 + Level 14.4 Dodging
 + Level 14.6 Stealth
 + Level 14.4 Shields
 + Level 14.4 Unarmed Combat
 + Level 14.4 Spellcasting
 + Level 12.4 Conjurations
 + Level 12.4 Hexes
 + Level 12.4 Charms
 + Level 12.4 Summonings
 + Level 12.4 Necromancy
 + Level 12.4 Translocations
 + Level 12.4 Transmutations
 + Level 12.4 Fire Magic
 + Level 12.4 Ice Magic
 + Level 12.4 Air Magic
 + Level 12.4 Earth Magic
 + Level 12.4 Poison Magic
 + Level 15.5 Invocations
 + Level 14.4 Evocations


You had 26 spell levels left.
You knew the following spells:

 Your Spells              Type           Power        Failure   Level  Hunger
a - Gell's Gravitas       Tloc           ######....   1%          3    None
f - Fireball              Conj/Fire      ######....   7%          5    ##.....
g - Mephitic Cloud        Conj/Pois/Air  ######..     1%          3    None
p - Passage of Golubria   Tloc           N/A          2%          4    None

Your spell library contained the following spells:

 Spells                   Type           Power        Failure   Level  Hunger
 Apportation              Tloc           ######       1%          1    None
 Pain                     Necr           ####         1%          1    None
 Corpse Rot               Necr           N/A          1%          2    None
 Passwall                 Tmut/Erth      ######..     1%          2    None
 Lesser Beckoning         Tloc           ######....   1%          3    None
 Portal Projectile        Hex/Tloc       ######       1%          3    None
 Stone Arrow              Conj/Erth      ######       1%          3    None
 Teleport Other           Tloc           ######..     1%          3    None
 Petrify                  Tmut/Erth      ######..     2%          4    None
 Bolt of Draining         Conj/Necr      ######....   7%          5    ##.....
 Iskenderun's Battlesphe  Conj/Chrm      ######..     7%          5    ##.....
 Summon Forest            Summ/Tloc      ######....   7%          5    ##.....
 Spellforged Servitor     Conj/Summ      ######....   91%         7    ######.
 Controlled Blink         Tloc           N/A          100%        8    #######


Dungeon Overview and Level Annotations

Branches:
Dungeon (1/1)

Altars:
Cheibriados
Dithmenos
Elyvilon
Fedhas
Gozag
Hepliaklqana
Kikubaaqudgha
Makhleb
Nemelex Xobeh
Okawaru
Qazlal
Ru
Sif Muna
Trog
Uskayaw
Vehumet
Wu Jian
Xom
Yredelemnul
Zin
The Shining One
Beogh
Jiyva
Lugonu

Shops:
D [*(

Annotations:
D Mara


Innate Abilities, Weirdness & Mutations

Your experience applies equally to all skills.
You have very sharp teeth.
Your uncanny sense of smell can sniff out nearby items.


Message History

* * * LOW HITPOINT WARNING * * *
x2 Mara completely misses you.
Unknown command.
You enter the passage of Golubria.
Mara blinks!
MordorOrchid's illusion casts a spell at you.
The ball explodes into a vile cloud!
The stinking cloud engulfs you but does no damage.
The stinking cloud engulfs MordorOrchid's illusion but does no damage.
The stinking cloud engulfs Mara but does no damage.
Unknown command.
Casting: Passage of Golubria (safe; 2% risk of failure)
Confirm with . or Enter, or press ? or * to list all spells.
Aiming: Passage of Golubria (safe; 2% risk of failure)
Press: ? - help, Dir - move target cursor Mara blinks! x2
MordorOrchid's illusion hits you but does no damage.
Unknown command.
You enter the passage of Golubria.
Mara hits you with a +3 demon whip of venom!!
You die...

∆∆∆ ∆∆∆∆∆∆ ∆∆∆∆∆∆ ∆∆∆∆∆
▓▓▓▓▓▓▓▓▓▓▓▓▓▓▓▓▓▓▓▓▓▓▓▓▓▓▓▓▓▓▓▓▓
cp...p'(()..R@☼R@.§.R)..[+(.....[
▓▓▓▓▓▓▓▓▓▓▓▓▓▓▓▓▓▓▓▓▓▓▓▓▓▓▓▓▓▓▓▓▓
............)....(.(.........)...
▓▓▓▓▓▓▓▓▓▓▓▓▓▓▓▓▓▓♣♣♣♣♣♣♣♣♣♣▓▓▓▓▓
†...)).'[........'.....)..['))...
▓▓▓▓▓▓▓▓▓▓▓▓▓▓▓▓▓▓♣♣♣♣♣♣♣♣♣♣▓▓▓▓▓
.................................
▓▓▓▓▓▓▓▓▓▓▓▓▓▓▓▓▓▓▓▓▓▓▓▓▓▓▓▓▓▓▓▓▓
')...)(....[...[.[[.))).)))).....


You could see 3 Maras and MordorOrchid's illusion.

Vanquished Creatures
  An Orb Guardian (D)
  Kirke (D)
  Gastronok (D)
  A nagaraja (D)
  A vault warden (D)
  4 stone giants (D)
  2 ettins (D)
  A merfolk impaler (D)
  4 fire dragons (D)
  2 ice dragons (D)
  A yaktaur captain (D)
  3 hydras (D)
  A great orb of eyes (D)
  A naga warrior (D)
  Harold (D)
  A shambling mangrove (D)
  A merfolk aquamancer (D)
  2 alligators (D)
  An ogre mage (D)
  A shock serpent (D)
  3 orc high priests (D)
  A swamp dragon (shapeshifter) (D)
  A swamp dragon (D)
  3 ironbrand convokers (D)
  3 orc knights (D)
  An orb spider (D)
  3 manticores (D)
  4 orc sorcerers (D)
  2 wolf spiders (D)
  An ugly thing (D)
  A merfolk siren (D)
  A black mamba (D)
  2 guardian serpents (D)
  3 naga magi (D)
  6 spiny frogs (D)
  2 water nymphs (D)
  A yaktaur (D)
  A demonic crawler (D)
  2 jumping spiders (D)
  3 tengu conjurers (D)
  3 hornets (D)
  5 blink frogs (D)
  3 slime creatures (D)
  A dream sheep (D)
  A bog body (D)
  2 hippogriffs (D)
  2 redbacks (D)
  A spriggan (D)
  2 hogs (D)
  Eustachio (D)
  A yak (D)
  A wyvern (D)
  Grum (D)
  A golden eye (shapeshifter) (D)
  A basilisk (D)
  A steam dragon (D)
  3 vampire mosquitoes (D)
  2 water moccasins (D)
  2 porcupines (D)
  8 orc warriors (D)
  A sky beast (D)
  A black bear (D)
  An ogre (D)
  2 wolves (D)
  2 boggarts (D)
  A centaur (D)
  2 crocodiles (D)
  A big kobold (D)
  4 bullfrogs (D)
  2 scorpions (D)
  3 orc priests (D)
  3 orc wizards (D)
  An adder (D)
  An adder skeleton (D)
  A leopard gecko (D)
  10 orcs (D)
  A goblin (D)
  3 hobgoblins (D)
  A kobold (D)
  A frilled lizard (D)
  A jackal skeleton (D)
160 creatures vanquished.

Vanquished Creatures (collateral kills)
  Frederick (D)
1 creature vanquished.

Vanquished Creatures (others)
  A stone giant (D)
  An ettin (D)
  A great orb of eyes (D)
  An orc sorcerer (D)
  A cyclops (D)
  2 orc warriors (D)
  A troll (shapeshifter) (D)
  A wyvern (D)
  2 hogs (D)
  A bullfrog (D)
  An orc priest (D)
  2 orc wizards (D)
  An orc (D)
16 creatures vanquished.

Grand Total: 177 creatures vanquished

Notes
Turn   | Place    | Note
-------+----------+-------------------------------------------
     0 | D        | Reached skill level 12 in Fighting
     0 | D        | MordorOrchid the Gnoll Wanderer began the quest for the
                  | Orb.
     0 | D        | MordorOrchid set off with the following items: a +2 dagger,
                  | 2 potions of haste, a +0 hand crossbow, 25 bolts, a +0
                  | quarterstaff, a +0 robe, a ration, a potion of curing, a
                  | potion of heal wounds, 2 potions of magic, a potion of
                  | berserk rage, a scroll of blinking
     0 | D        | Reached XP level 1. HP: 31/31 MP: 1/1
    11 | D        | Reached skill level 1 in Invocations
    13 | D        | Reached skill level 1 in Short Blades
    13 | D        | Reached skill level 1 in Long Blades
    13 | D        | Reached skill level 1 in Axes
    13 | D        | Reached skill level 1 in Maces & Flails
    13 | D        | Reached skill level 1 in Polearms
    13 | D        | Reached skill level 1 in Slings
    13 | D        | Reached skill level 1 in Bows
    13 | D        | Reached skill level 1 in Crossbows
    13 | D        | Reached skill level 1 in Armour
    13 | D        | Reached skill level 1 in Dodging
    13 | D        | Reached skill level 1 in Shields
    13 | D        | Reached skill level 1 in Unarmed Combat
    13 | D        | Reached skill level 1 in Spellcasting
    13 | D        | Reached skill level 1 in Evocations
    13 | D        | Reached XP level 2. HP: 38/38 MP: 1/3
    24 | D        | Noticed an ogre
    40 | D        | Killed an ogre
    40 | D        | Reached skill level 5 in Staves
    40 | D        | Reached XP level 3. HP: 44/44 MP: 4/7
    40 | D        | Reached XP level 4. HP: 51/51 MP: 4/8
    60 | D        | Reached XP level 5. HP: 37/58 MP: 5/9
    82 | D        | Found a roughly hewn altar of Beogh.
    82 | D        | Found a snail-covered altar of Cheibriados.
    82 | D        | Found a shadowy altar of Dithmenos.
    82 | D        | Found a white marble altar of Elyvilon.
    82 | D        | Found a blossoming altar of Fedhas.
    82 | D        | Found an opulent altar of Gozag.
    83 | D        | Found a hazy altar of Hepliaklqana.
    84 | D        | Found a viscous altar of Jiyva.
    85 | D        | Found an ancient bone altar of Kikubaaqudgha.
    86 | D        | Found a corrupted altar of Lugonu.
    87 | D        | Found a burning altar of Makhleb.
    88 | D        | Became a worshipper of Elyvilon the Healer
    89 | D        | Found a sparkling altar of Nemelex Xobeh.
    90 | D        | Found an iron altar of Okawaru.
    91 | D        | Found a stormy altar of Qazlal.
    92 | D        | Found a sacrificial altar of Ru.
    93 | D        | Found a deep blue altar of Sif Muna.
    94 | D        | Found a bloodstained altar of Trog.
    95 | D        | Found a hide-covered altar of Uskayaw.
    96 | D        | Found a radiant altar of Vehumet.
    97 | D        | Found an ornate altar of the Wu Jian Council.
    98 | D        | Found a shimmering altar of Xom.
    99 | D        | Found a basalt altar of Yredelemnul.
   100 | D        | Found a glowing silver altar of Zin.
   101 | D        | Found a glowing golden altar of the Shining One.
   147 | D        | Noticed a hippogriff
   147 | D        | Noticed a big kobold
   152 | D        | Killed a big kobold
   163 | D        | Killed a hippogriff
   163 | D        | Reached skill level 5 in Throwing
   163 | D        | Reached skill level 5 in Stealth
   163 | D        | Reached skill level 5 in Invocations
   163 | D        | Reached XP level 6. HP: 30/65 MP: 9/13
   171 | D        | Reached skill level 5 in Short Blades
   171 | D        | Reached skill level 5 in Long Blades
   171 | D        | Reached skill level 5 in Axes
   171 | D        | Reached skill level 5 in Maces & Flails
   171 | D        | Reached skill level 5 in Polearms
   171 | D        | Reached skill level 5 in Slings
   171 | D        | Reached skill level 5 in Bows
   171 | D        | Reached skill level 5 in Crossbows
   171 | D        | Reached skill level 5 in Armour
   171 | D        | Reached skill level 5 in Dodging
   171 | D        | Reached skill level 5 in Shields
   171 | D        | Reached skill level 5 in Unarmed Combat
   171 | D        | Reached skill level 5 in Spellcasting
   171 | D        | Reached skill level 5 in Evocations
   171 | D        | Reached XP level 7. HP: 34/71 MP: 10/14
   296 | D        | Noticed a wyvern
   296 | D        | Noticed a wyvern
   307 | D        | Killed a wyvern
   307 | D        | Reached skill level 13 in Fighting
   310 | D        | Killed a wyvern
   325 | D        | Reached XP level 8. HP: 73/79 MP: 15/17
   423 | D        | Reached * piety under Elyvilon
   469 | D        | Noticed a blink frog
   471 | D        | Reached skill level 5 in Conjurations
   471 | D        | Reached skill level 5 in Hexes
   471 | D        | Reached skill level 5 in Charms
   471 | D        | Reached skill level 5 in Summonings
   471 | D        | Reached skill level 5 in Necromancy
   471 | D        | Reached skill level 5 in Translocations
   471 | D        | Reached skill level 5 in Transmutations
   471 | D        | Reached skill level 5 in Fire Magic
   471 | D        | Reached skill level 5 in Ice Magic
   471 | D        | Reached skill level 5 in Air Magic
   471 | D        | Reached skill level 5 in Earth Magic
   471 | D        | Reached skill level 5 in Poison Magic
   472 | D        | Noticed a spiny frog
   473 | D        | Noticed a seven-headed hydra
   490 | D        | Killed a blink frog
   494 | D        | Killed a seven-headed hydra
   494 | D        | Reached XP level 9. HP: 59/86 MP: 17/20
   517 | D        | HP: 2/86 [spiny frog (18)]
   518 | D        | Killed a spiny frog
   709 | D        | Noticed a spiny frog
   710 | D        | Noticed an eight-headed hydra
   711 | D        | Killed a spiny frog
   711 | D        | Reached skill level 14 in Fighting
   714 | D        | Reached XP level 10. HP: 94/94 MP: 20/22
   723 | D        | Killed an eight-headed hydra
   727 | D        | Noticed a spiny frog
   736 | D        | Killed a spiny frog
   736 | D        | Reached skill level 10 in Staves
   745 | D        | Noticed a spiny frog
   755 | D        | Killed a spiny frog
   767 | D        | Reached skill level 10 in Invocations
   845 | D        | Reached ** piety under Elyvilon
  1156 | D        | Noticed an orc knight
  1156 | D        | Noticed an orc sorcerer
  1156 | D        | Noticed an orc sorcerer
  1160 | D        | Killed an orc sorcerer
  1167 | D        | Killed an orc sorcerer
  1167 | D        | Reached XP level 11. HP: 86/101 MP: 22/24
  1175 | D        | Noticed an orc sorcerer
  1184 | D        | Reached skill level 10 in Throwing
  1234 | D        | Killed an orc knight
  1234 | D        | Reached skill level 10 in Stealth
  1246 | D        | Noticed a sun demon
  1261 | D        | Paralysed by an orc sorcerer for 7 turns
  1275 | D        | Killed an orc sorcerer
  1570 | D        | Found Xalutyg's Weapon Boutique.
  1570 | D        | Noticed an orc sorcerer
  1570 | D        | Noticed an orc high priest
  1570 | D        | Noticed an orc high priest
  1570 | D        | Noticed an orc knight
  1572 | D        | Noticed an orc sorcerer
  1647 | D        | Killed an orc knight
  1647 | D        | Reached skill level 10 in Short Blades
  1647 | D        | Reached skill level 10 in Long Blades
  1647 | D        | Reached skill level 10 in Axes
  1647 | D        | Reached skill level 10 in Maces & Flails
  1647 | D        | Reached skill level 10 in Polearms
  1647 | D        | Reached skill level 10 in Slings
  1647 | D        | Reached skill level 10 in Bows
  1647 | D        | Reached skill level 10 in Crossbows
  1647 | D        | Reached skill level 10 in Armour
  1647 | D        | Reached skill level 10 in Dodging
  1647 | D        | Reached skill level 10 in Shields
  1647 | D        | Reached skill level 10 in Unarmed Combat
  1647 | D        | Reached skill level 10 in Spellcasting
  1647 | D        | Reached skill level 10 in Evocations
  1689 | D        | Killed an orc high priest
  1689 | D        | Reached skill level 15 in Fighting
  1717 | D        | Killed an orc high priest
  1729 | D        | Paralysed by an orc sorcerer for 3 turns
  1733 | D        | Killed an orc sorcerer
  1806 | D        | Killed an orc sorcerer
  1870 | D        | Found Zuipn's General Store.
  1872 | D        | Found Wolicurch's Food Boutique.
  1875 | D        | Found Hon Zoud's Antique Armour Shop.
  1877 | D        | Noticed an orc high priest
  2012 | D        | Killed an orc high priest
  2049 | D        | Bought a runed buckler for 187 gold pieces
  2053 | D        | Bought a scroll of blinking for 105 gold pieces
  2053 | D        | Bought a scroll of identify for 28 gold pieces
  2053 | D        | Bought a potion of might for 56 gold pieces
  2053 | D        | Bought a scroll of fog for 28 gold pieces
  2061 | D        | Bought a translucent leather armour for 175 gold pieces
  2063 | D        | Bought a ration for 70 gold pieces
  2063 | D        | Bought a ration for 70 gold pieces
  2063 | D        | Bought a ration for 70 gold pieces
  2063 | D        | Bought a ration for 70 gold pieces
  2063 | D        | Bought a ration for 70 gold pieces
  2063 | D        | Bought a ration for 70 gold pieces
  2063 | D        | Bought a ration for 70 gold pieces
  2063 | D        | Bought a ration for 70 gold pieces
  2063 | D        | Bought a ration for 70 gold pieces
  2063 | D        | Bought a ration for 70 gold pieces
  2063 | D        | Bought a ration for 70 gold pieces
  2063 | D        | Bought a ration for 70 gold pieces
  2063 | D        | Bought a ration for 70 gold pieces
  2063 | D        | Bought a ration for 70 gold pieces
  2063 | D        | Bought a ration for 70 gold pieces
  2063 | D        | Bought a ration for 70 gold pieces
  2065 | D        | Bought a ration for 70 gold pieces
  2065 | D        | Bought a +0 spear of venom for 78 gold pieces
  2085 | D        | Noticed Harold
  2114 | D        | Killed Harold
  2159 | D        | Noticed Gastronok
  2184 | D        | Killed Gastronok
  2184 | D        | Reached XP level 12. HP: 110/110 MP: 26/26
  2242 | D        | Noticed Grum
  2254 | D        | Killed Grum
  2306 | D        | Got the +6 short sword of Midnight {pierce, Int+2 Dex+6}
  2408 | D        | Identified the +2 leather armour of Freedom {Int+5} (You
                  | bought it in a shop in the Dungeon)
  2412 | D        | Noticed a seven-headed hydra
  2412 | D        | Noticed a seven-headed hydra
  2442 | D        | Killed a seven-headed hydra
  2446 | D        | Pacified a seven-headed hydra
  2804 | D        | Noticed an ettin
  2824 | D        | Killed an ettin
  2845 | D        | Noticed a stone giant
  2961 | D        | Noticed an ettin
  2978 | D        | Pacified an ettin
  2979 | D        | Killed a stone giant
  2983 | D        | Killed a great orb of eyes
  2990 | D        | Killed an ettin
  2991 | D        | Noticed a stone giant
  3012 | D        | Killed a stone giant
  3310 | D        | Noticed Kirke
  3339 | D        | Killed Kirke
  3339 | D        | Reached skill level 16 in Fighting
  3339 | D        | Reached skill level 10 in Conjurations
  3339 | D        | Reached skill level 10 in Hexes
  3339 | D        | Reached skill level 10 in Charms
  3339 | D        | Reached skill level 10 in Summonings
  3339 | D        | Reached skill level 10 in Necromancy
  3339 | D        | Reached skill level 10 in Translocations
  3339 | D        | Reached skill level 10 in Transmutations
  3339 | D        | Reached skill level 10 in Fire Magic
  3339 | D        | Reached skill level 10 in Ice Magic
  3339 | D        | Reached skill level 10 in Air Magic
  3339 | D        | Reached skill level 10 in Earth Magic
  3339 | D        | Reached skill level 10 in Poison Magic
  4010 | D        | Fell from the grace of Elyvilon
  4011 | D        | Became a worshipper of Sif Muna the Loreminder
  4530 | D        | Noticed an alligator
  4530 | D        | Noticed a shambling mangrove
  4532 | D        | Noticed an alligator
  4545 | D        | Killed a shambling mangrove
  4568 | D        | Noticed a spriggan rider
  4581 | D        | Reached * piety under Sif Muna
  4600 | D        | Killed an alligator
  4608 | D        | Killed an alligator
  4613 | D        | Reached ** piety under Sif Muna
  4613 | D        | Reached XP level 13. HP: 63/118 MP: 29/29
  4745 | D        | Noticed a nagaraja
  4827 | D        | Reached *** piety under Sif Muna
  4832 | D        | Killed a nagaraja
  4991 | D        | Reached **** piety under Sif Muna
  5014 | D        | Noticed a merfolk impaler
  5262 | D        | Reached ***** piety under Sif Muna
  5285 | D        | Killed a merfolk impaler
  5285 | D        | Identified Hifasol's Compendium of Ignition and the Voyage
                  | (Sif Muna gifted it to you in the Dungeon)
  5285 | D        | Received a gift from Sif Muna
  5332 | D        | Learned a level 3 spell: Gell's Gravitas
  5338 | D        | Learned a level 5 spell: Fireball
  5537 | D        | Noticed Eustachio
  5561 | D        | Killed Eustachio
  5616 | D        | Noticed a fire dragon
  5616 | D        | Noticed an ettin
  5616 | D        | Noticed a fire dragon
  5616 | D        | Noticed a stone giant
  5617 | D        | Noticed a stone giant
  5633 | D        | Noticed a yaktaur captain
  5641 | D        | Killed a stone giant
  5641 | D        | Reached skill level 17 in Fighting
  5642 | D        | Noticed a great orb of eyes
  5650 | D        | Killed a fire dragon
  5655 | D        | Killed an ettin
  5693 | D        | Killed a fire dragon
  5693 | D        | Identified Zupan's Disquisition on Damaging Black Rituals
                  | (Sif Muna gifted it to you in the Dungeon)
  5693 | D        | Received a gift from Sif Muna
  5701 | D        | Learned a level 3 spell: Mephitic Cloud
  5962 | D        | Killed a stone giant
  5962 | D        | Reached XP level 14. HP: 128/128 MP: 28/31
  6546 | D        | Identified Sif Muna's Reference Book on Orientation (Sif
                  | Muna gifted it to you in the Dungeon)
  6546 | D        | Received a gift from Sif Muna
  6546 | D        | Reached skill level 15 in Invocations
  6553 | D        | Learned a level 4 spell: Passage of Golubria
  6572 | D        | Noticed a stone giant
  6579 | D        | Killed a stone giant
  6651 | D        | Noticed a vault warden
  6708 | D        | Noticed Frederick
  6708 | D        | Noticed Mara
  6716 | D        | Noticed an Orb Guardian
  6721 | D        | Noticed MordorOrchid's illusion
  6734 | D        | Killed an Orb Guardian
  6767 | D        | Killed Frederick
  6770 | D        | Reached skill level 15 in Staves
  6770 | D        | Killed a vault warden
  6770 | D        | Identified Sif Muna's Compendium of Earthen Dark Rites (Sif
                  | Muna gifted it to you in the Dungeon)
  6770 | D        | Received a gift from Sif Muna
  6780 | D        | Mangled by Mara

Skill      XL: |  1  2  3  4  5  6  7  8  9 10 11 12 13 14 |
---------------+-------------------------------------------+-----
Fighting       | 13 14 15 16 17 | 17.9
Invocations    | 1 3 5 6 8 9 10 11 13 14 15 | 15.5
Short Blades   | 1 2 3 4 5 6 7 8 9 10 12 13 14 | 14.4
Long Blades    | 1 2 3 4 5 6 7 8 9 10 12 13 14 | 14.4
Axes           | 1 2 3 4 5 6 7 8 9 10 12 13 14 | 14.4
Maces & Flails | 1 2 3 4 5 6 7 8 9 10 12 13 14 | 14.4
Polearms       | 1 2 3 4 5 6 7 8 9 10 12 13 14 | 14.4
Slings         | 1 2 3 4 5 6 7 8 9 10 12 13 14 | 14.4
Bows           | 1 2 3 4 5 6 7 8 9 10 12 13 14 | 14.4
Crossbows      | 1 2 3 4 5 6 7 8 9 10 12 13 14 | 14.4
Armour         | 1 2 3 4 5 6 7 8 9 10 12 13 14 | 14.4
Dodging        | 1 2 3 4 5 6 7 8 9 10 12 13 14 | 14.4
Shields        | 1 2 3 4 5 6 7 8 9 10 12 13 14 | 14.4
Unarmed Combat | 1 2 3 4 5 6 7 8 9 10 12 13 14 | 14.4
Spellcasting   | 1 2 3 4 5 6 7 8 9 10 12 13 14 | 14.4
Evocations     | 1 2 3 4 5 6 7 8 9 10 12 13 14 | 14.4
Staves         | 5 6 7 8 9 10 11 12 14 15 | 15.0
Throwing       | 3 4 5 6 7 8 9 11 12 13 14 | 14.6
Stealth        | 3 4 5 6 7 8 9 11 12 13 14 | 14.6
Conjurations   | 2 3 4 6 8 9 10 11 12 | 12.4
Hexes          | 2 3 4 6 8 9 10 11 12 | 12.4
Charms         | 2 3 4 6 8 9 10 11 12 | 12.4
Summonings     | 2 3 4 6 8 9 10 11 12 | 12.4
Necromancy     | 2 3 4 6 8 9 10 11 12 | 12.4
Translocations | 2 3 4 6 8 9 10 11 12 | 12.4
Transmutations | 2 3 4 6 8 9 10 11 12 | 12.4
Fire Magic     | 2 3 4 6 8 9 10 11 12 | 12.4
Ice Magic      | 2 3 4 6 8 9 10 11 12 | 12.4
Air Magic      | 2 3 4 6 8 9 10 11 12 | 12.4
Earth Magic    | 2 3 4 6 8 9 10 11 12 | 12.4
Poison Magic   | 2 3 4 6 8 9 10 11 12 | 12.4

Action                   |  1- 3 |  4- 6 |  7- 9 | 10-12 | 13-15 || total
-------------------------+-------+-------+-------+-------+-------++-------
Melee: Quarterstaff      |     7 |    33 |    38 |   160 |       ||   238
       Bite              |       |     3 |     5 |    71 |    89 ||   168
       Halberd           |       |       |       |    94 |       ||    94
       Spear             |       |       |       |    21 |     9 ||    30
       Punch             |       |       |       |     3 |       ||     3
       Short sword       |       |       |       |   136 |   426 ||   562
       Unarmed           |       |       |       |    19 |       ||    19
 Fire: Hand crossbow     |     4 |       |    35 |   107 |    72 ||   218
Throw: Throwing net      |       |       |       |     1 |     6 ||     7
 Cast: Gell's Gravitas   |       |       |       |       |    17 ||    17
       Fireball          |       |       |       |       |    10 ||    10
       Mephitic Cloud    |       |       |       |       |    17 ||    17
       Passage of Golubr |       |       |       |       |     3 ||     3
Invok: Heal Other        |       |       |       |    11 |       ||    11
       Lesser Healing    |       |       |       |     9 |       ||     9
       Renounce Religion |       |       |       |     1 |       ||     1
       Channel Magic     |       |       |       |       |     2 ||     2
       Divine Energy     |       |       |       |       |     1 ||     1
       Stop Divine Energ |       |       |       |       |     1 ||     1
Evoke: Wand              |       |       |     9 |     1 |       ||    10
  Use: Potion            |     1 |       |     4 |     9 |     5 ||    19
       Scroll            |       |       |       |     4 |     5 ||     9
 Stab: Held in net/web   |       |       |       |     2 |     5 ||     7
       Confused          |       |       |       |       |    10 ||    10
  Eat: Chunk             |       |       |       |    10 |    10 ||    20
       Ration            |       |       |       |     3 |     1 ||     4
Armor: Robe              |       |     1 |       |       |       ||     1
       Chain mail        |       |     5 |    18 |    70 |       ||    93
       Fire dragon scale |       |       |       |    28 |   116 ||   144
Dodge: Dodged            |     4 |    22 |    38 |   181 |   133 ||   378
Block: Large shield      |       |       |       |   135 |   347 ||   482
